Match 47062917
Unlisted

Match 47062917
End
Construct Barracks
Engineer Squad
Selects Advanced Infantry Battlegroup
Riflemen Squad
M1 Mortar Team
Riflemen Squad
Riflemen Squad
M1 Mortar Team
Grenade Package
Infantry Support Center
Selects Convert to Ranger Squad
Selects Frontline Medical Station
M1918 Browning Automatic Rifles
Frontline Medical Station
.30 cal Machine Gun
Advanced Logistics
Selects Infantry Assault
Infantry Assault
Convert to Ranger Squad
Construct Motor Pool
[PD]Lurgi
[PD] PragerSchinken
Methiebe
[PD]DerSchonWieder
Boneless
ValiantHawk
BazookaJoe
AirborneAssassin
0
0

Comments sign in to comment!

No comments posted yet!